 Dungeon Crawl Stone Soup version 0.26-a0-1079-g3a4175ecf3 (webtiles) character file.

Game seed: 1517615334956117342

788726 Nimbul the Ninja (level 27, -7/169 HPs)
             Began as a Kobold Enchanter on Dec 5, 2020.
             Was a High Priest of Wu Jian.
             Mangled by Jucesargh the pandemonium lord (54 damage)
             ... in Pandemonium on Dec 14, 2020.
             The game lasted 17:57:54 (110356 turns).

Nimbul the Ninja (Kobold Enchanter)               Turns: 110356, Time: 17:57:55

Health: -7/169     AC: 25    Str: 12    XL:     27
Magic:  28/48      EV: 45    Int: 24    God:    Wu Jian [*****.]
Gold:   6523       SH: 10    Dex: 30    Spells: 7/69 levels left

rFire    + . .     SeeInvis +   a - +9 quick blade "Hymieton" {flame, *Corrode Dex+6 SInv}
rCold    + + .     Faith    .   o - +2 buckler {reflect}
rNeg     + . .     Spirit   .   i - +6 acid dragon scales
rPois    +         Reflect  +   r - +2 helmet {Int+3}
rElec    +         Harm     .   V - +2 cloak {rC+}
rCorr    +         Rampage  .   j - +2 pair of gloves {Str+3}
Will     ++++.     Clarity  +   R - +2 pair of boots {run} Stlth **++++++++
                                x - amulet of magic regeneration
HPRegen  0.38/turn              Z - ring of Ceecas {rElec Will++ EV+4}
MPRegen  0.56/turn              B - ring of Serendipity {+Fly rN+ Int+4}

@: resistant, quick
A: small, hooves 1, camouflage 1, clarity, frail 1, nightstalker 3, subdued
magic 1, sturdy frame 1
}: 5/15 runes: barnacled, slimy, silver, abyssal, gossamer
a: Wall Jump, Serpent's Lash, Heavenly Storm, Renounce Religion, Evoke Flight


You were in Pandemonium.
You worshipped Wu Jian.
Wu Jian was extremely pleased with you.
You visited 13 branches of the dungeon, and saw 55 of its levels.
You visited Pandemonium 2 times, and saw 4 of its levels.
You visited the Abyss 5 times.
You visited 1 bazaar.
You also visited: Bailey and Ice Cave.

You collected 12618 gold pieces.
You spent 6095 gold pieces at shops.

Inventory:

Hand Weapons
 a - the +9 quick blade "Hymieton" (weapon) {flame, *Corrode Dex+6 SInv}
   (You acquired it on level 3 of the Lair of Beasts)

   It has been specially enchanted to burn those struck by it, causing extra
   injury to most foes and up to half again as much damage against particularly
   susceptible opponents.
   It affects your dexterity (+6).
   It lets you see invisible.
   It may corrode you when you take damage.
 h - a +2 eudemon blade of holy wrath
Missiles
 b - 79 boomerangs (quivered)
 A - 5 atropa-tipped darts
 C - 16 curare-tipped darts
 D - 8 datura-tipped darts
 F - 6 throwing nets
Armour
 i - +6 acid dragon scales (worn)
 j - a +2 pair of gloves of strength (worn)
 o - a +2 buckler of reflection (worn)
 r - a +2 helmet of intelligence (worn)
 R - a +2 pair of boots of running (worn)
 V - a +2 cloak of cold resistance (worn)
Jewellery
 x - an amulet of magic regeneration (around neck)
 B - the ring of Serendipity (right hand) {+Fly rN+ Int+4}
   (You found it on level 3 of the Crypt)

   [ring of positive energy]

   It affects your intelligence (+4).
   It protects you from negative energy.
   It lets you fly.
 Z - the ring of Ceecas (left hand) {rElec Will++ EV+4}
   (You took it off a deep elf sorcerer on level 3 of the Elven Halls)

   [ring of evasion]

   It affects your evasion (+4).
   It insulates you from electricity.
   It affects your willpower, your defense against some magical effects.
Wands
 c - a wand of flame (22)
 E - a wand of acid (64)
 H - a wand of digging (14)
 K - a wand of enslavement (19)
 U - a wand of iceblast (37)
Scrolls
 f - 2 scrolls of silence
 k - 5 scrolls of holy word
 n - 6 scrolls of fog
 p - 31 scrolls of teleportation
 u - 9 scrolls of magic mapping
 y - a scroll of blinking
 N - a scroll of acquirement
 P - 4 scrolls of fear
 Q - a scroll of enchant armour
 T - 31 scrolls of identify
 W - 2 scrolls of vulnerability
 X - 8 scrolls of summoning
Potions
 d - 8 potions of lignification
 g - 2 potions of mutation
 l - 12 potions of haste
 m - 3 potions of might
 q - 11 potions of ambrosia
 s - a potion of magic
 t - 9 potions of curing
 v - a potion of flight
 w - 9 potions of heal wounds
 I - 7 potions of berserk rage
 J - 6 potions of brilliance
 M - 3 potions of resistance
 O - a potion of invisibility
 S - 2 potions of cancellation
Miscellaneous
 e - a phial of floods
 z - a lightning rod (4/4)
 G - a condenser vane
 L - a phantom mirror
 Y - a box of beasts


   Skills:
 + Level 23.5 Fighting
 - Level 21.1 Short Blades
 + Level 16.4 Throwing
 - Level 4.0 Armour
 + Level 25.0 Dodging
 O Level 27 Stealth
 - Level 4.0 Shields
 + Level 21.8 Spellcasting
 - Level 2.0 Conjurations
 + Level 21.9 Hexes
 - Level 2.0 Summonings
 - Level 4.0 Air Magic
 - Level 10.0 Evocations


You had 7 spell levels left.
You knew the following spells:

 Your Spells              Type           Power        Failure   Level
a - Apportation           Tloc           ###...       1%          1
b - Blink                 Tloc           N/A          2%          2
d - Dazzling Flash        Conj/Hex       ######       1%          3
f - Cause Fear            Hex            #######...   0%          4
i - Invisibility          Hex            #######.     1%          6
m - Mephitic Cloud        Conj/Pois/Air  ####....     1%          3
n - Tukima's Dance        Hex            #######.     0%          3
o - Corona                Hex            #######      0%          1
p - Passwall              Tmut/Erth      ###.....     2%          2
s - Slow                  Hex            #######.     0%          2
t - Confusing Touch       Hex            #######.     0%          3
v - Summon Mana Viper     Hex/Summ       ######..     1%          5
D - Discord               Hex            #######...   1%          8
E - Metabolic Englaciati  Hex/Ice        ######....   1%          5
G - Summon Guardian Gole  Hex/Summ       ######..     1%          3
P - Fulminant Prism       Conj/Hex       ######....   1%          4
S - Silence               Hex/Air        ######....   1%          5
W - Swiftness             Air            ####....     1%          2

Your spell library contained the following spells:

 Spells                   Type           Power        Failure   Level
 Ensorcelled Hibernation  Hex/Ice        ######       0%          2
 Animate Skeleton         Necr           ###...       1%          1
 Foxfire                  Conj/Fire      ###.         1%          1
 Freeze                   Ice            ###.         1%          1
 Magic Dart               Conj           ####         1%          1
 Sandblast                Erth           ###...       1%          1
 Shock                    Conj/Air       ####         1%          1
 Sting                    Tmut/Pois      ###.         1%          1
 Summon Small Mammal      Summ           ####         1%          1
 Call Imp                 Summ           ####....     1%          2
 Corpse Rot               Necr/Air       N/A          1%          2
 Poisonous Vapours        Pois/Air       ####..       1%          2
 Searing Ray              Conj           ####..       1%          2
 Call Canine Familiar     Summ           ####....     1%          3
 Inner Flame              Hex/Fire       ######..     1%          3
 Portal Projectile        Hex/Tloc       ######       1%          3
 Static Discharge         Conj/Air       ####....     1%          3
 Leda's Liquefaction      Hex/Erth       ######....   1%          4
 Yara's Violent Unravell  Hex/Tmut       ######....   1%          5
 Sublimation of Blood     Necr           ###.......   2%          2
 Conjure Flame            Conj/Fire      ###.....     3%          3
 Stone Arrow              Conj/Erth      ###...       3%          3
 Airstrike                Air            ####......   3%          4
 Frozen Ramparts          Ice            ###...       4%          3
 Gell's Gravitas          Tloc           ###.......   4%          3
 Ignite Poison            Fire/Tmut/Pois ###.....     4%          3
 Lesser Beckoning         Tloc           ###.......   4%          3
 Teleport Other           Tloc           ###.....     4%          3
 Summon Lightning Spire   Summ/Air       ####....     4%          4
 Iskenderun's Mystic Bla  Conj/Tloc      ###.....     12%         4
 Sticky Flame             Conj/Fire      ###.....     12%         4
 Summon Ice Beast         Ice/Summ       ###.....     12%         4
 Lightning Bolt           Conj/Air       ####......   14%         5
 Animate Dead             Necr           ###.......   17%         4
 Dispel Undead            Necr           ###.....     17%         4
 Ice Form                 Ice/Tmut       ###.....     17%         4
 Olgreb's Toxic Radiance  Pois           ###.....     17%         4
 Passage of Golubria      Tloc           N/A          17%         4
 Petrify                  Tmut/Erth      ###.....     17%         4
 Iskenderun's Battlesphe  Conj           ####....     22%         5
 Summon Demon             Summ           ####......   22%         5
 Fireball                 Conj/Fire      ###.......   32%         5
 Irradiate                Conj/Tmut      ###.......   32%         5
 Summon Forest            Summ/Tloc      ###.......   32%         5
 Bolt of Magma            Conj/Fire/Erth ###.......   36%         5
 Agony                    Necr           ###.....     45%         5
 Alistair's Intoxication  Tmut/Pois      ###......    45%         5
 Borgnjor's Vile Clutch   Necr/Erth      ###.......   45%         5
 Excruciating Wounds      Necr           ###.......   45%         5
 Lee's Rapid Deconstruct  Erth           ###.......   45%         5
 Shadow Creatures         Summ           N/A          77%         6
 Iron Shot                Conj/Erth      ###.......   89%         6
 Starburst                Conj/Fire      ###.......   89%         6
 Death Channel            Necr           ###.......   96%         6
 Dispersal                Tloc           ###.......   96%         6
 Eringya's Noxious Bog    Tmut/Pois      ###.......   96%         6
 Hydra Form               Tmut           ###.......   96%         6
 Simulacrum               Ice/Necr       ###.......   96%         6
 Statue Form              Tmut/Erth      ###......    96%         6
 Dragon Form              Tmut           ###.......   100%        7
 Haunt                    Necr/Summ      ###.......   100%        7
 Orb of Destruction       Conj           ####......   100%        7
 Spellforged Servitor     Conj/Summ      ####......   100%        7
 Summon Hydra             Summ           ####......   100%        7
 Borgnjor's Revivificati  Necr           ###.......   100%        8
 Disjunction              Tloc           ###.......   100%        8
 Ignition                 Fire           ###.......   100%        8
 Infestation              Necr           ###.......   100%        8
 Necromutation            Tmut/Necr      ###.......   100%        8
 Death's Door             Necr           ###.......   100%        9
 Dragon's Call            Summ           ####......   100%        9
 Tornado                  Air            ####......   100%        9


Dungeon Overview and Level Annotations

Branches:
Dungeon (15/15)            Temple (1/1) D:7            Lair (6/6) D:11
 Shoals (4/4) Lair:4       Spider (4/4) Lair:4        Slime (5/5) Lair:5
    Orc (2/2) D:10            Elf (3/3) Orc:2        Vaults (5/5) D:14
  Crypt (3/3) Vaults:3       Tomb (0/3) Crypt:3      Depths (5/5) D:15
   Hell (visited)             Dis (0/7) Hell            Geh (0/7) Hell
    Coc (1/7) Hell            Tar (0/7) Hell            Zot (0/5) Depths:5
 Bailey (visited)           IceCv (visited)

Altars:
Ashenzari
Cheibriados
Dithmenos
Elyvilon
Fedhas
Gozag
Hepliaklqana
Kikubaaqudgha
Makhleb
Nemelex Xobeh
Okawaru
Qazlal
Ru
Sif Muna
Trog
Uskayaw
Vehumet
Wu Jian
Xom
Yredelemnul
Zin
The Shining One
Beogh
Jiyva

Shops:
D:7 (   D:12 (   D:13 ?   Orc:2 :(*}?   Elf:1 [*(=:   Elf:2 [   Shoals:3 :
Depths:1 }[   Depths:3 :   Depths:4 *

Portals:
Hell: Depths:1 Depths:2 Depths:3 Depths:4 Depths:5
Abyss: Depths:2 Depths:4 Depths:5
Pandemonium: Depths:3 Depths:5
Ziggurat: Depths:4

Annotations:
Coc:1 unf


Innate Abilities, Weirdness & Mutations

You are small and have problems with some larger weapons.
You are completely attuned to the shadows.
You have large cloven feet.
Your skin changes colour to match your surroundings (Stealth+).
You possess an exceptional clarity of mind.
You are frail. (-10% HP)
Your spells are a little easier to cast, but a little less powerful.
Your movements are slightly less encumbered by armour. (ER -2)


Message History

Fire/throw which item? (* to show all) (? for menu, Esc to quit)
Throw: 7 darts (atropa)
Press: ? - help, Shift-Dir - straight line, f - Jucesargh
Aim: Jucesargh, armed with a venomous touch (chance to blind on hit: 31%)
You throw an atropa-tipped dart.
The atropa-tipped dart misses Jucesargh.
Fire/throw which item? (* to show all) (? for menu, Esc to quit)
Throw: 6 darts (atropa)
Press: ? - help, Shift-Dir - straight line, f/p - Jucesargh
Aim: Jucesargh, armed with a venomous touch (chance to blind on hit: 33%)
You throw an atropa-tipped dart. The atropa-tipped dart hits Jucesargh.
Jucesargh resists.
The soul eater draws from the surrounding life force!
* * * LOW HITPOINT WARNING * * *
Jucesargh completely misses you.
Casting: Summon Mana Viper (mildly dangerous; 1% risk of failure)
Confirm with . or Enter, or press ? or * to list all spells.
Really dazzle near your mana viper?
The soul eater is dazzled.
Jucesargh hits you!!!
You die...

###..####...###.....#............
###..# #...####..................
.....###..).........#..##........
....[.......###........####......
.....##..##.###........####......
.....###............#...#.....###
.....###........∩3...............
.....##......(...######.....##...
........####.#..@...#............
...............&......#....###...
.....#####^....S.....##....###...
.....# #...(...##........##....
.....# #................)...###
.....#####.(......#.##....)......
.......(2.S...^...#.##...........
........##############.....##.###
........# #.....##.#


You could see Jucesargh, a soul eater (blind) and a friendly mana viper
(summoned).

Vanquished Creatures
  3 ancient liches
  2 juggernauts
  Boris (twice) (Crypt:1 Depths:5)
  2 pandemonium lords (Pan)
  A shard shrike (Coc:1)
  Frederick (Depths:4)
  Saint Roka (Elf:3)
  5 caustic shrikes (Depths:5)
  Geryon (Hell)
  Nikola (Depths:1)
  A golden dragon (Depths:3)
  A profane servitor (Crypt:3)
  9 liches
  8 bone dragons
  3 Brimstone Fiends (Pan)
  4 hellephants
  A Tzitzimitl (Pan)
  4 tentacled monstrosities
  A shard shrike skeleton (Crypt:2)
  3 Ice Fiends
  The ghost of Opsalyamag the Black Belt, an adept DsBr of Xom (Elf:1)
  2 titans (Vaults:4)
  Polyphemus (Shoals:3)
  2 deep elf master archers (Elf:3)
  2 deep elf blademasters (Elf:3)
  10 acid blobs
  5 ancient champions
  2 quicksilver dragons
  6 Executioners
  The ghost of waddelsworth the Brawler, an adept TrMo of Okawaru (Spider:2)
  3 sphinxes
  29 tentacled starspawn
  4 storm dragons
  Donald (Elf:3)
  3 tengu reavers (Vaults:5)
  15 warmongers (Pan)
  11 shadow dragons
  Ilsuiw (Shoals:4)
  2 nagarajas (Depths:2)
  4 revenants
  13 azure jellies
  7 frost giants
  6 fire giants
  A draconian knight (Depths:5)
  13 vault wardens
  2 iron dragons
  4 black suns (Pan)
  5 blood saints (Pan)
  4 corrupters (Pan)
  12 deep elf sorcerers
  4 emperor scorpions
  5 ghost moths
  2 curse skulls
  2 orc warlords (Orc:1)
  15 balrugs
  A draconian scorcher (Abyss:2)
  5 deep elf elementalists
  2 draconian annihilators
  The ghost of Rushoj the Severer, a journeyman MiBe of Trog (Lair:6)
  5 ghouls
  8 cacodemons
  Aizul (Vaults:4)
  A juggernaut skeleton (Crypt:1)
  2 war gargoyles (Hell)
  10 ironheart preservers
  42 very ugly things
  12 vampire knights
  2 green draconians
  32 starcursed masses
  16 reapers
  25 stone giants
  3 purple draconians
  10 deep elf demonologists
  4 deep elf annihilators
  2 white draconians (Depths:5)
  4 lorocyprocas
  A red draconian (Abyss:3)
  4 entropy weavers
  9 blizzard demons
  15 ettins
  6 spark wasps
  2 merfolk javelineers
  4 minotaurs
  Josephine (Orc:2)
  3 eidola
  11 deep elf death magi
  7 green deaths
  An eleionoma (shapeshifter) (Vaults:5)
  8 death oozes
  A crystal guardian (Vaults:3)
  11 merfolk impalers
  23 jiangshi
  24 vault guards
  A quicksilver dragon zombie (Coc:1)
  9 fire dragons
  6 monstrous demonspawn (Pan)
  12 rakshasas
  6 deep elf high priests
  19 yaktaur captains
  21 great orbs of eyes
  A spriggan air mage (Depths:4)
  A quicksilver dragon skeleton (Coc:1)
  5 hydras
  2 hell beasts
  7 naga warriors
  11 ice dragons
  3 catoblepae
  8 boulder beetles
  3 merfolk avatars
  13 centaur warriors
  2 alligator snapping turtles
  6 satyrs
  8 deep troll shamans
  6 deep troll earth magi
  7 death knights
  23 dancing weapons
  15 ogre magi
  39 two-headed ogres
  5 merfolk aquamancers (Shoals:4)
  4 tengu warriors
  35 thrashing horrors
  A titan zombie (Abyss:3)
  2 death yaks (Shoals:3)
  Urug (Orc:1)
  An orc high priest (Depths:3)
  The ghost of hudiniq the Imperceptible, a journeyman SpEn of Dithmenos (D:11)
  19 deep elf knights
  5 vampire magi
  2 spriggans
  15 spriggan berserkers
  17 hell knights
  21 soul eaters
  A salamander mystic (Depths:3)
  A fire crab (shapeshifter) (Vaults:2)
  11 sixfirhies
  A spectral elf (Depths:3)
  28 sun demons
  3 spatial maelstroms
  7 iron trolls
  9 shadow wraiths
  2 titan skeletons
  A ghost moth zombie (Crypt:3)
  A storm dragon zombie (Hell)
  26 wretched stars
  22 deep trolls
  4 gelid demonspawn (Pan)
  A death drake (Abyss:3)
  8 infernal demonspawn (Pan)
  11 sea snakes
  A spark wasp zombie (Depths:3)
  2 anaconda zombies (Hell)
  3 glowing orange brains
  2 golden dragon zombies
  5 unseen horrors
  42 skeletal warriors
  2 naga ritualists (Depths:2)
  3 shadow dragon zombies
  3 tengu zombies
  13 shadow demons (Pan)
  8 flayed ghosts
  4 torturous demonspawn (Pan)
  52 deep elf magi
  An orange crystal statue (D:13)
  7 wizards
  14 phantasmal warriors
  12 ironbrand convokers
  A golden dragon skeleton (Crypt:1)
  10 deep elf archers
  A bog body (Crypt:1)
  An orb spider (shapeshifter) (Vaults:3)
  9 orb spiders
  3 anaconda skeletons (Hell)
  3 cyclopes
  34 wolf spiders
  A bunyip skeleton (Crypt:2)
  11 orc knights
  A frost giant zombie (Hell)
  An eleionoma zombie (Crypt:2)
  16 harpies
  11 necromancers
  A mana viper (Depths:2)
  5 human zombies
  4 oklob plants
  6 shining eyes
  7 worldbinders
  A shadow dragon skeleton (Crypt:1)
  13 manticores
  6 orc sorcerers
  44 ugly things
  3 moths of wrath
  A stone giant zombie (Hell)
  67 large abominations
  A stone giant skeleton (Vaults:5)
  A cyclops (shapeshifter) (Abyss:1)
  19 fauns
  Maurice (D:8)
  A guardian serpent (Depths:3)
  An eleionoma skeleton (Crypt:2)
  A dire elephant zombie (Coc:1)
  19 elephants
  2 apocalypse crabs (Abyss:3)
  3 human skeletons
  An iron dragon skeleton (Coc:1)
  2 titan simulacra
  8 fire giant skeletons
  3 black mambas
  A frost giant skeleton (Abyss:2)
  2 ice statues (Hell)
  6 merfolk sirens
  8 rust devils
  10 vault sentinels
  5 water nymphs
  A molten gargoyle (Hell)
  3 eyes of devastation
  3 gargoyles
  10 orange demons
  52 smoke demons
  9 hellions
  30 cane toads
  2 torpor snails
  4 naga magi (Depths:2)
  2 rime drakes
  A dire elephant skeleton (Coc:1)
  A rime drake (shapeshifter) (Abyss:1)
  3 efreet
  An elephant slug zombie (Crypt:2)
  11 komodo dragons
  37 yaktaurs
  A pale draconian zombie (Crypt:2)
  40 demonic crawlers
  4 tengu conjurers
  An anaconda simulacrum (Abyss:1)
  3 hydra zombies
  2 kobold demonologists (Abyss:1)
  15 ice devils
  22 freezing wraiths
  5 hellwings
  16 ancient zymes
  30 jumping spiders
  3 guardian mummies (Crypt:1)
  A harpy zombie (Abyss:2)
  6 meliai
  6 tormentors
  19 red devils
  15 hornets
  A jumping spider (shapeshifter) (D:9)
  A queen bee (Lair:2)
  7 trolls
  A troll (shapeshifter) (Vaults:5)
  6 wind drakes
  2 polar bears
  A tengu simulacrum (Vaults:4)
  A queen bee (shapeshifter) (Depths:2)
  Grinder (D:6)
  18 merfolk
  Prince Ribbit (D:7)
  4 tyrant leeches (Lair:6)
  12 dream sheep (Lair:6)
  A fire dragon zombie (Crypt:1)
  A hydra skeleton (Abyss:2)
  33 blink frogs
  79 slime creatures
  42 small abominations
  2 blink frogs (shapeshifter)
  2 ettin zombies
  2 stone giant simulacra
  A sphinx simulacrum (Vaults:5)
  3 ice dragon zombies
  A meliai zombie (D:12)
  29 raiju
  9 snapping turtles
  A spriggan zombie (D:15)
  3 fire dragon skeletons
  A frost giant simulacrum (Vaults:5)
  4 ettin skeletons
  2 ice dragon skeletons (Coc:1)
  17 water elementals
  3 vampires
  8 wyverns
  82 flying skulls
  39 redbacks
  4 air elementals
  2 alligator skeletons
  5 shadows
  30 tarantellas
  A guardian serpent skeleton (Crypt:1)
  A dire elephant simulacrum (Hell)
  82 yaks
  16 wraiths
  5 fire bats
  2 golden eyes (shapeshifter)
  A basilisk (shapeshifter) (Vaults:2)
  A human (shapeshifter) (Depths:2)
  35 ynoxinuls
  A yaktaur simulacrum (Vaults:4)
  4 basilisks
  7 golden eyes (Abyss:3)
  12 chaos spawn
  An elf skeleton (Vaults:5)
  6 vampire mosquitoes (Lair:6)
  7 fire elementals
  A human simulacrum (Vaults:1)
  8 spatial vortices
  15 neqoxecs
  14 wargs
  A swamp worm (shapeshifter) (Abyss:1)
  Edmund (D:6)
  2 cane toad zombies (Coc:1)
  2 soldier ants
  5 acid dragons
  A hell hound (Abyss:3)
  2 soldier ants (shapeshifter)
  Duvessa (D:7)
  2 hydra simulacra (Hell)
  16 water moccasins
  2 deep troll zombies (Vaults:4)
  A cane toad skeleton (Hell)
  12 ice beasts
  A merfolk skeleton (Coc:1)
  A floating eye (Depths:4)
  A phantom (D:12)
  3 sky beasts
  2 black bears
  37 orc warriors
  13 eyes of draining
  2 ettin simulacra
  An elf zombie (Vaults:4)
  7 necrophages
  A lindwurm skeleton (Crypt:1)
  49 ogres
  12 wolves
  7 boggarts
  23 centaurs
  Blork the orc (D:4)
  A big kobold (D:11)
  29 bullfrogs
  6 earth elementals
  A gnoll sergeant (D:9)
  2 glowing shapeshifter simulacra
  A cane toad simulacrum (Crypt:3)
  A wyvern skeleton (D:9)
  3 scorpions
  A water moccasin skeleton (D:9)
  Dowan (D:7)
  26 killer bees
  A swamp dragon simulacrum (Abyss:1)
  17 wights
  6 howler monkeys
  An electric eel (Lair:6)
  A lava snake (D:14)
  2 bullfrog zombies
  3 centaur zombies
  7 crimson imps
  A hound (D:10)
  8 quasits
  5 jellies
  18 orc priests
  4 centaur skeletons
  23 orc wizards
  A bullfrog skeleton (D:11)
  An iguana (shapeshifter) (Abyss:3)
  9 iron imps
  2 iguanas
  5 hell rats (Lair:6)
  8 worker ants
  2 hound zombies
  3 mummies (Crypt:1)
  11 adders
  11 gnolls
  3 shadow imps
  20 white imps
  15 ufetubi
  3 oozes
  2 adder zombies (D:8)
  2 adder skeletons
  A lava snake skeleton (Crypt:1)
  4 worms
  A barachi skeleton (Crypt:1)
  A dart slug (D:2)
  8 leopard geckos
  109 orcs
  6 bats
  7 giant cockroaches
  8 goblins
  10 hobgoblins
  8 jackals
  8 quokkas
  4 frilled lizards
  A hobgoblin zombie (Crypt:2)
  A jackal skeleton (Crypt:2)
  15 kobolds
  2 leopard gecko zombies
  A quokka zombie (D:9)
  5 rats
  5 crawling corpses
  4 lurking horrors
  13 starspawn tentacles
3342 creatures vanquished.

Vanquished Creatures (collateral kills)
  the Royal Jelly (Slime:5)
  Mennas (Pan)
  A golden dragon (Vaults:5)
  A Brimstone Fiend (Pan)
  2 titans (Vaults:4)
  2 tentacled monstrosities
  3 liches
  3 Executioners (Pan)
  A quicksilver dragon (Vaults:4)
  An ancient champion (Crypt:3)
  6 acid blobs
  3 tentacled starspawn
  A shadow dragon (Vaults:5)
  A daeva (Abyss:3)
  A nagaraja (Depths:2)
  A revenant (Crypt:2)
  8 azure jellies (Slime:5)
  3 fire giants
  An iron dragon (Vaults:4)
  A deep elf sorcerer (Depths:3)
  3 cacodemons (Pan)
  3 warmongers (Pan)
  A reaper (Pan)
  2 deep elf elementalists (Elf:3)
  3 blood saints (Pan)
  A green draconian (Depths:3)
  2 vampire knights (Depths:3)
  A minotaur (Depths:3)
  A lorocyproca (Pan)
  A black sun (Pan)
  A deep elf demonologist (Elf:3)
  3 deep elf annihilators
  An eidolon (Abyss:3)
  A blizzard demon (Pan)
  4 death oozes (Slime:5)
  2 deep elf death magi
  2 green deaths
  A rakshasa (Depths:2)
  A two-headed ogre (Vaults:5)
  A dancing weapon (Elf:3)
  A spriggan berserker (Depths:2)
  4 soul eaters
  A hell knight (Abyss:3)
  2 wretched stars
  3 sixfirhies (Pan)
  A storm dragon skeleton (Depths:3)
  A deep troll (Depths:3)
  A gelid demonspawn (Pan)
  A shadow wraith (Vaults:4)
  2 shadow demons (Pan)
  2 infernal demonspawn (Pan)
  A manticore (shapeshifter) (Depths:4)
  5 smoke demons (Pan)
  2 orange demons (Pan)
  3 tormentors (Pan)
  A hellwing (Pan)
  An ancient zyme (Abyss:1)
  A demonic crawler (Pan)
  4 large abominations
  4 red devils (Pan)
  2 slime creatures (Slime:1)
  2 ynoxinuls (Pan)
  A fire elemental (Abyss:2)
  2 orc warriors
  3 starcursed masses
  2 small abominations
  A wight (D:12)
  A quasit (Abyss:1)
  An iron imp (Abyss:2)
  A gnoll (D:5)
  3 orcs
  A crawling corpse (Depths:3)
  4 starspawn tentacles
142 creatures vanquished.

Vanquished Creatures (others)
  2 azure jellies (Slime:5)
  A black sun (Pan)
  A very ugly thing (Abyss:1)
  A vampire knight (Depths:3)
  2 vault guards (Vaults:5)
  A sun demon (Pan)
  A shadow wraith (Depths:3)
  A flayed ghost (Depths:3)
  A large abomination (Abyss:1)
  3 necromancers (Depths:3)
  An ironbrand convoker (Vaults:5)
  2 dancing weapons
  A tormentor (Pan)
  A red devil (Pan)
  A meliai (D:13)
  A raiju (Abyss:1)
  A ynoxinul (Abyss:1)
  A water elemental (Elf:1)
  3 centaurs (Depths:3)
  4 small abominations
  4 white imps (IceCv)
  3 ufetubi (IceCv)
  An orc (Orc:2)
  16 fungi
  A lurking horror (Abyss:5)
  120 plants
  51 starspawn tentacles
226 creatures vanquished.

Grand Total: 3710 creatures vanquished

Notes
Turn   | Place    | Note
-------+----------+-------------------------------------------
     0 | D:1      | Nimbul the Kobold Enchanter began the quest for the Orb.
     0 | D:1      | Reached XP level 1. HP: 10/10 MP: 3/3
    86 | D:1      | Reached skill level 1 in Fighting
   163 | D:1      | Reached XP level 2. HP: 17/17 MP: 5/5
   495 | D:1      | Reached XP level 3. HP: 22/22 MP: 6/6
   499 | D:1      | Learned a level 3 spell: Confusing Touch
  1126 | D:2      | Reached XP level 4. HP: 27/27 MP: 7/7
  1131 | D:2      | Learned a level 3 spell: Tukima's Dance
  1542 | D:2      | Found an ornate altar of the Wu Jian Council.
  2047 | D:2      | Found a glowing golden altar of the Shining One.
  2275 | D:2      | Reached XP level 5. HP: 14/32 MP: 3/8
  2841 | D:3      | Found a sparkling altar of Nemelex Xobeh.
  3308 | D:3      | Found a stormy altar of Qazlal.
  3698 | D:4      | Noticed Blork the orc
  3828 | D:4      | Found a blossoming altar of Fedhas.
  3851 | D:4      | Reached skill level 5 in Stealth
  3859 | D:4      | Reached XP level 6. HP: 37/37 MP: 9/9
  4229 | D:4      | Learned a level 3 spell: Dazzling Flash
  4696 | D:5      | Entered Level 5 of the Dungeon
  4696 | D:5      | Noticed an ice beast
  4700 | D:5      | Killed an ice beast
  4701 | D:5      | Reached XP level 7. HP: 43/43 MP: 11/11
  5009 | D:5      | Reached skill level 6 in Stealth
  5783 | D:5      | Reached skill level 5 in Short Blades
  5783 | D:5      | Reached XP level 8. HP: 41/48 MP: 0/13
  6022 | D:6      | Reached skill level 5 in Dodging
  6325 | D:6      | Noticed Grinder
  6342 | D:6      | Killed Grinder
  6343 | D:6      | Reached skill level 5 in Fighting
  6343 | D:6      | Reached skill level 1 in Throwing
  6343 | D:6      | Reached skill level 7 in Stealth
  7760 | D:6      | Found a bloodstained altar of Trog.
  7764 | D:6      | Reached XP level 9. HP: 54/54 MP: 15/15
  7880 | D:6      | Noticed Edmund
  7887 | D:6      | Killed Edmund
  8118 | D:6      | Found a radiant altar of Vehumet.
  8118 | D:6      | Found a sacrificial altar of Ru.
  8118 | D:6      | Found an iron altar of Okawaru.
  8712 | D:2      | Became a worshipper of the Wu Jian Council
  9300 | D:7      | Found an opulent altar of Gozag.
  9364 | D:7      | Noticed Duvessa
  9378 | D:7      | Noticed Dowan
  9406 | D:7      | Reached skill level 8 in Stealth
  9412 | D:7      | Found a staircase to the Ecumenical Temple.
  9425 | Temple   | Entered the Ecumenical Temple
  9457 | D:7      | Noticed Prince Ribbit
  9459 | D:7      | Killed Prince Ribbit
  9460 | D:7      | Reached skill level 5 in Spellcasting
  9460 | D:7      | Reached skill level 1 in Conjurations
  9462 | D:7      | Learned a level 1 spell: Apportation
  9562 | D:7      | Found Peohalus's Weapon Boutique.
  9912 | D:7      | Identified the Handbook of Spatial Necromancy
 10268 | D:8      | Noticed Maurice
 10312 | D:8      | Reached * piety under Wu Jian
 10481 | D:8      | Learned a level 4 spell: Cause Fear
 10484 | D:8      | Learned a level 2 spell: Slow
 10496 | D:8      | Noticed an unseen horror
 10504 | D:8      | Killed an unseen horror
 10505 | D:8      | Reached skill level 5 in Hexes
 10505 | D:8      | Reached XP level 10. HP: 40/61 MP: 15/18
 10829 | D:8      | Found a roughly hewn altar of Beogh.
 11112 | D:8      | Reached skill level 9 in Stealth
 11113 | D:8      | Upgraded the game from 0.26-a0-976-gd3b5134375 to
                  | 0.26-a0-996-g6b303dbc09
 11333 | D:8      | Reached ** piety under Wu Jian
 12409 | D:9      | Found a white marble altar of Elyvilon.
 12788 | D:9      | Noticed a centaur warrior
 12789 | D:9      | Killed a centaur warrior
 12790 | D:9      | Reached XP level 11. HP: 67/67 MP: 20/20
 12838 | D:9      | Learned a level 2 spell: Call Imp
 12850 | D:10     | Entered Level 10 of the Dungeon
 12902 | D:10     | Noticed a two-headed ogre
 12904 | D:10     | Killed a two-headed ogre
 12905 | D:10     | Reached skill level 10 in Stealth
 12905 | D:10     | Reached skill level 1 in Summonings
 13041 | D:10     | Reached skill level 1 in Evocations
 13044 | D:10     | Reached *** piety under Wu Jian
 13597 | D:10     | Found a staircase to the Orcish Mines.
 14038 | D:10     | Noticed a two-headed ogre
 14063 | D:10     | Killed a two-headed ogre
 14639 | D:11     | Found a transporter.
 14731 | D:11     | Reached **** piety under Wu Jian
 14776 | D:11     | Found a shadowy altar of Dithmenos.
 14830 | D:11     | Reached XP level 12. HP: 75/75 MP: 18/23
 14997 | D:11     | Found a staircase to the Lair.
 14998 | D:11     | Reached skill level 11 in Stealth
 15101 | D:11     | Noticed a two-headed ogre
 15110 | D:11     | Killed a two-headed ogre
 15450 | D:11     | Found a transporter.
 15462 | D:11     | Noticed hudiniq's ghost (journeyman SpEn)
 15584 | D:11     | Reached skill level 10 in Short Blades
 15737 | D:11     | Noticed an unseen horror
 15749 | D:11     | Killed an unseen horror
 15998 | Lair:1   | Entered Level 1 of the Lair of Beasts
 16279 | Lair:1   | Reached skill level 1 in Armour
 16825 | Lair:2   | Noticed a boulder beetle
 16826 | Lair:2   | Killed a boulder beetle
 16911 | Lair:2   | Found a frozen archway.
 16914 | Lair:2   | Reached ***** piety under Wu Jian
 16927 | IceCv    | Entered an ice cave
 17853 | IceCv    | Reached XP level 13. HP: 45/80 MP: 22/25
 18487 | IceCv    | Reached skill level 12 in Stealth
 18511 | IceCv    | Noticed a reaper
 18778 | IceCv    | Killed a reaper
 18779 | IceCv    | Reached skill level 10 in Dodging
 19432 | Lair:2   | Got a brightly glowing leather armour
 19443 | Lair:2   | Identified the cursed +1 leather armour "Xucvyofy" {Rampage
                  | rC+ Str-2 Int+3} (You found it on level 2 of the Lair of
                  | Beasts)
 20745 | Lair:3   | Noticed a six-headed hydra
 20746 | Lair:3   | Killed a six-headed hydra
 20929 | Lair:3   | Reached skill level 10 in Fighting
 21153 | Lair:3   | Noticed a catoblepas
 21154 | Lair:3   | Killed a catoblepas
 21870 | Lair:4   | Reached skill level 13 in Stealth
 22004 | Lair:4   | Reached XP level 14. HP: 88/88 MP: 27/27
 22005 | Lair:4   | Found a staircase to the Shoals.
 22429 | Lair:4   | Found a hole to the Spider Nest.
 22930 | Lair:4   | Got a jewelled hunting sling
 22931 | Lair:4   | Identified the +9 hunting sling of Risk Management {flame,
                  | rN+ Str+5 Dex+3} (You found it on level 4 of the Lair of
                  | Beasts)
 23101 | Lair:4   | Got a steaming chain mail
 23113 | Lair:4   | Identified the cursed +1 chain mail of Parlour Games {MR+}
                  | (You found it on level 4 of the Lair of Beasts)
 23659 | Lair:5   | Found a runed translucent door.
 23660 | Lair:5   | Found a viscous altar of Jiyva.
 23660 | Lair:5   | Noticed an azure jelly
 23661 | Lair:5   | Noticed an azure jelly
 23666 | Lair:5   | Found a staircase to the Slime Pits.
 23666 | Lair:5   | Noticed an azure jelly
 24452 | D:7      | Killed Dowan
 24533 | D:7      | Killed Duvessa
 24732 | D:4      | Killed Blork the orc
 25151 | D:8      | Killed Maurice
 25363 | Lair:3   | Identified a scroll of acquirement
 25363 | Lair:3   | Acquired the +9 quick blade "Hymieton" {flame, *Corrode
                  | Dex+6 SInv}
 25439 | Lair:3   | Reached skill level 10 in Spellcasting
 25537 | Lair:6   | Entered Level 6 of the Lair of Beasts
 25555 | Lair:6   | Reached ****** piety under Wu Jian
 25568 | Lair:6   | Found a transporter.
 25571 | Lair:6   | Noticed Rushoj's ghost (journeyman MiBe)
 25715 | Lair:6   | Reached skill level 14 in Stealth
 25723 | Lair:6   | Reached skill level 10 in Hexes
 26271 | Lair:6   | Reached XP level 15. HP: 95/95 MP: 26/29
 26474 | Lair:6   | Upgraded the game from 0.26-a0-996-g6b303dbc09 to
                  | 0.26-a0-1012-gedcf9b2963
 26686 | Lair:6   | Learned a level 2 spell: Swiftness
 27031 | Lair:6   | Reached skill level 1 in Air Magic
 27438 | Lair:6   | Found a transporter.
 27986 | D:11     | Killed hudiniq's ghost
 28341 | Lair:6   | Killed Rushoj's ghost
 28757 | Orc:1    | Entered Level 1 of the Orcish Mines
 28760 | Orc:1    | Noticed Urug
 28761 | Orc:1    | Killed Urug
 28964 | Orc:2    | Entered Level 2 of the Orcish Mines
 28964 | Orc:2    | Found Foecyonif's Magic Scroll Boutique.
 28964 | Orc:2    | Noticed an orc warlord
 28980 | Orc:1    | Killed an orc warlord
 29020 | Orc:2    | Noticed an orc warlord
 29125 | Orc:1    | Killed an orc warlord
 29475 | Orc:2    | Bought a scroll of identify for 20 gold pieces
 29475 | Orc:2    | Bought a scroll of fear for 35 gold pieces
 29475 | Orc:2    | Bought a scroll of identify for 20 gold pieces
 29475 | Orc:2    | Bought a scroll of fear for 35 gold pieces
 29475 | Orc:2    | Bought a scroll of identify for 20 gold pieces
 29475 | Orc:2    | Bought a scroll of blinking for 75 gold pieces
 29475 | Orc:2    | Bought 3 scrolls of fog for 60 gold pieces
 29510 | Orc:2    | Noticed Josephine
 29511 | Orc:2    | Killed Josephine
 29624 | Orc:2    | Found a staircase to the Elven Halls.
 29757 | Orc:2    | Reached skill level 15 in Stealth
 29765 | Orc:2    | Reached skill level 5 in Evocations
 29765 | Orc:2    | Reached XP level 16. HP: 93/101 MP: 18/31
 29911 | Orc:2    | Found Vares's Gadget Shoppe.
 29911 | Orc:2    | Found Veskajeu's Weapon Shop.
 29912 | Orc:2    | Found Winill's Assorted Antiques.
 29912 | Orc:2    | Found Fenk's Book Emporium.
 29922 | Orc:2    | Bought a bound pewter amulet for 130 gold pieces
 29922 | Orc:2    | Bought a scroll of identify for 52 gold pieces
 29922 | Orc:2    | Identified the amulet of Honesty {Faith +Blink rC+} (You
                  | bought it in a shop on level 2 of the Orcish Mines)
 29926 | Orc:2    | Reached XP level 17. HP: 108/108 MP: 32/32
 29928 | Orc:2    | Bought a book of Burglary for 900 gold pieces
 29935 | Orc:2    | Learned a level 6 spell: Invisibility
 29941 | Orc:2    | Learned a level 5 spell: Silence
 30240 | Orc:1    | You fall into a shaft and drop 1 floor!
 31487 | D:12     | Found Yreuril's Antique Weapon Shop.
 31494 | D:12     | Bought a runed rapier for 182 gold pieces
 31693 | D:13     | Found a runed translucent door.
 32192 | D:13     | Found Ewnetudu's Magic Scroll Shop.
 32205 | D:13     | Bought a scroll of teleportation for 42 gold pieces
 32205 | D:13     | Bought a scroll of teleportation for 42 gold pieces
 32205 | D:13     | Bought a scroll of identify for 28 gold pieces
 32540 | D:13     | Found a runed translucent door.
 32579 | D:13     | Found a runed translucent door.
 32591 | D:13     | Found a runed translucent door.
 32907 | D:14     | Found a gate to the Vaults.
 32983 | D:14     | Found a flagged portal.
 32992 | Bailey   | Entered a bailey
 33136 | Bailey   | Got an encrusted chain mail
 33245 | Bailey   | Identified the +8 chain mail of Okawaru's Grace {Slay+3}
                  | (You found it in a bailey)
 33976 | D:15     | Entered Level 15 of the Dungeon
 34303 | D:15     | Found a staircase to the Depths.
 35242 | Spider:1 | Entered Level 1 of the Spider Nest
 35311 | Spider:1 | Reached skill level 5 in Throwing
 36854 | Lair:4   | Reached XP level 18. HP: 105/114 MP: 25/33
 36952 | Spider:1 | Reached skill level 16 in Stealth
 38222 | Spider:2 | Identified Vossix's Grimoire of Igneous Cold
 38641 | Spider:2 | Found a runed translucent door.
 38641 | Spider:2 | Noticed waddelsworth's ghost (adept TrMo)
 38910 | Elf:1    | Entered Level 1 of the Elven Halls
 38936 | Elf:1    | Found Wuaxusm's Antique Armour Shop.
 38979 | Elf:1    | Identified the Almanac of Calling
 39047 | Elf:1    | Got a steaming ivory ring
 39048 | Elf:1    | Identified the ring "Habaef" {*Slow rPois WL+ Int+4} (You
                  | found it on level 1 of the Elven Halls)
 39103 | Elf:1    | Found a transporter.
 39106 | Elf:1    | Noticed Opsalyamag's ghost (adept DsBr)
 39356 | Elf:1    | Found a transporter.
 39373 | Elf:1    | Found Sixuh's Book Shoppe.
 39554 | Elf:1    | Found Ratoutoe's Jewellery Emporium.
 39643 | Elf:1    | Found Pouxzoux's Weapon Shop.
 39752 | Elf:1    | Found Hesifa's Assorted Antiques.
 39757 | Elf:1    | Bought a scroll of identify for 60 gold pieces
 39839 | Elf:1    | Noticed a Hell Sentinel
 40062 | Elf:2    | Reached skill level 15 in Short Blades
 40067 | Elf:2    | Found a runed translucent gate.
 40067 | Elf:2    | Found a runed translucent gate.
 40067 | Elf:2    | Found a runed translucent gate.
 40543 | Elf:2    | Found Faiworib's Armour Emporium.
 40546 | Elf:2    | Bought a +2 pair of boots for 330 gold pieces
 40884 | Lair:1   | Upgraded the game from 0.26-a0-1012-gedcf9b2963 to
                  | 0.26-a0-1020-ge47f559bc5
 42342 | Spider:4 | Entered Level 4 of the Spider Nest
 42386 | Spider:4 | Reached XP level 19. HP: 120/120 MP: 35/35
 42390 | Spider:4 | Learned a level 3 spell: Summon Guardian Golem
 42413 | Spider:4 | Reached skill level 17 in Stealth
 42613 | Spider:4 | Acquired 704 gold pieces
 43079 | Spider:4 | Reached skill level 15 in Dodging
 43361 | Spider:4 | Got a gossamer rune of Zot
 43672 | Elf:1    | Bought a +6 ring of dexterity for 1170 gold pieces
 44436 | Shoals:1 | Entered Level 1 of the Shoals
 44462 | Shoals:1 | Found a flickering gateway to a bazaar.
 44468 | Bazaar   | Entered a bazaar
 44505 | Bazaar   | Found Otweq's Book Emporium.
 44512 | Bazaar   | Found Itwon's Jewellery Emporium.
 44519 | Bazaar   | Found Sicuh's Gadget Shop.
 44526 | Bazaar   | Found Wiptong's Book Shop.
 44582 | Bazaar   | Bought a wand of digging (7) for 198 gold pieces
 46286 | Shoals:2 | Found a shimmering altar of Xom.
 46570 | Shoals:3 | Noticed Polyphemus
 46574 | Shoals:3 | Killed Polyphemus
 46575 | Shoals:3 | Reached XP level 20. HP: 128/128 MP: 32/37
 46855 | Shoals:3 | Reached skill level 18 in Stealth
 46883 | Shoals:3 | Found a hide-covered altar of Uskayaw.
 47483 | Shoals:3 | Found Tuucuroroi's Book Shoppe.
 47829 | Shoals:4 | Entered Level 4 of the Shoals
 48293 | Shoals:4 | Got a slimy sapphire amulet
 48294 | Shoals:4 | Identified the amulet "Tesiv" {Faith rPois rC- Int+3} (You
                  | found it on level 4 of the Shoals)
 48357 | Shoals:4 | Reached skill level 15 in Fighting
 48434 | Shoals:4 | Noticed Ilsuiw
 48463 | Shoals:4 | Killed Ilsuiw
 48478 | Shoals:4 | Upgraded the game from 0.26-a0-1020-ge47f559bc5 to
                  | 0.26-a0-1025-g006ef2cfcc
 49827 | Shoals:4 | Got a barnacled rune of Zot
 50416 | Vaults:1 | Entered Level 1 of the Vaults
 50724 | Vaults:1 | Reached skill level 1 in Shields
 50757 | Vaults:1 | Reached XP level 21. HP: 96/134 MP: 28/38
 52780 | Vaults:2 | Gained mutation: You do not regenerate when monsters are
                  | visible. [mutagenic glow]
 52944 | Vaults:2 | Learned a level 5 spell: Metabolic Englaciation
 53244 | Vaults:2 | Reached skill level 19 in Stealth
 53352 | Vaults:2 | Found a huge runed gate.
 53352 | Vaults:2 | Found a huge runed gate.
 53353 | Vaults:2 | Found a huge runed gate.
 53353 | Vaults:2 | Found a huge runed gate.
 53355 | Vaults:2 | Found a huge runed gate.
 53356 | Vaults:2 | Found a huge runed gate.
 53357 | Vaults:2 | Found a huge runed gate.
 53359 | Vaults:2 | Found a huge runed gate.
 53360 | Vaults:2 | Found a huge runed gate.
 53361 | Vaults:2 | Found a huge runed gate.
 53362 | Vaults:2 | Found a huge runed gate.
 53363 | Vaults:2 | Found a huge runed gate.
 53364 | Vaults:2 | Found a huge runed gate.
 53365 | Vaults:2 | Found a huge runed gate.
 53473 | Vaults:2 | Acquired the Handbook of Enchantment and Transmutation
 53481 | Vaults:2 | Learned a level 5 spell: Summon Mana Viper
 53902 | Vaults:3 | Found a staircase to the Crypt.
 54230 | Vaults:3 | Reached XP level 22. HP: 141/141 MP: 36/40
 54535 | Vaults:3 | Got a masterwork plate armour
 54536 | Vaults:3 | Identified the +8 plate armour of Going Fast {+Fly rC-
                  | rCorr} (You found it on level 3 of the Vaults)
 54542 | Vaults:3 | You fall into a shaft and drop 1 floor!
 55452 | Vaults:4 | Noticed Aizul
 55462 | Vaults:4 | Killed Aizul
 56022 | Vaults:4 | Acquired 589 gold pieces
 57604 | Elf:1    | Reached skill level 15 in Hexes
 57607 | Elf:1    | Killed Opsalyamag's ghost
 57631 | Elf:1    | Learned a level 3 spell: Mephitic Cloud
 58057 | Lair:5   | Reached skill level 20 in Stealth
 58200 | Spider:2 | Killed waddelsworth's ghost
 58201 | Spider:2 | Reached XP level 23. HP: 148/148 MP: 37/41
 58500 | Elf:3    | Entered Level 3 of the Elven Halls
 58850 | Elf:3    | Noticed Saint Roka
 58871 | Elf:3    | Killed Saint Roka
 59072 | Elf:3    | Noticed Donald
 59073 | Elf:3    | Killed Donald
 59442 | Elf:3    | Upgraded the game from 0.26-a0-1025-g006ef2cfcc to
                  | 0.26-a0-1033-gd598b01645
 59455 | Elf:3    | Reached skill level 15 in Spellcasting
 60183 | Elf:3    | Cast into level 2 of the Abyss (a deep elf demonologist)
 60190 | Abyss:2  | Found a corrupted altar of Lugonu.
 60780 | Abyss:2  | Found a corrupted altar of Lugonu.
 61063 | Abyss:2  | Learned a level 2 spell: Passwall
 61097 | Abyss:2  | Found an ancient bone altar of Kikubaaqudgha.
 61107 | Elf:3    | Escaped the Abyss
 61322 | Elf:3    | Identified the ring "Qeveusiy" {rPois Int+5}
 61837 | Elf:3    | Identified the cursed +0 great sword "Zoyckur" {protect,
                  | Dex+4}
 62002 | Elf:3    | Cast into level 3 of the Abyss (a deep elf sorcerer)
 62566 | Elf:3    | Escaped the Abyss
 63121 | Elf:3    | Identified the +10 flail "Nyapp" {drain, Str+5 SInv}
 63121 | Elf:3    | Identified the ring of Ceecas {rElec Will++ EV+4}
 63121 | Elf:3    | Identified the +10 rapier of Ulasuu {venom, Will+ Str+3}
 63284 | Elf:3    | Identified the cursed +0 glaive of Mourning {freeze, *Noise
                  | +Blink Int+2}
 63315 | Elf:3    | Identified the +5 dire flail of Fedhas's Envy {distort,
                  | +Rage rF++ Int+3 Stlth-}
 63460 | Elf:3    | Identified The Lost Secrets of Magic
 63475 | Elf:3    | Found the +7 Kryia's mail coat {PotionHeal*2 rC+}
 64408 | Vaults:5 | Entered Level 5 of the Vaults
 64434 | Vaults:4 | Reached XP level 24. HP: 131/156 MP: 35/42
 65307 | Vaults:4 | Reached skill level 21 in Stealth
 67766 | Vaults:5 | Noticed a golden dragon
 67779 | Vaults:5 | Killed a golden dragon
 67786 | Vaults:5 | Reached XP level 25. HP: 84/162 MP: 32/43
 67955 | Vaults:5 | Identified the +6 short sword of Imminent Death {freeze,
                  | Str+3 Stlth+}
 67971 | Vaults:5 | Noticed an ancient lich
 67976 | Vaults:5 | Killed an ancient lich
 68583 | Vaults:5 | Identified a +2 pair of boots of running (You found it on
                  | level 5 of the Vaults)
 68590 | Vaults:5 | Got a silver rune of Zot
 68595 | Vaults:5 | Got a bloodstained rapier
 68596 | Vaults:5 | Identified the +8 rapier "Newtbane" {vorpal, rC+ Will-
                  | Str+4} (You found it on level 5 of the Vaults)
 68920 | Vaults:5 | Got an ancient tin ring
 68921 | Vaults:5 | Identified the ring of Xappearch {Str+2 Int+6 Stlth+} (You
                  | found it on level 5 of the Vaults)
 69743 | Depths:1 | Entered Level 1 of the Depths
 69835 | Depths:1 | Noticed Nikola
 69842 | Depths:1 | Killed Nikola
 69845 | Depths:1 | Found a gateway to Hell.
 69907 | Depths:1 | Found Lium's Antique Armour Boutique.
 70032 | Depths:1 | Reached skill level 22 in Stealth
 70838 | Depths:1 | Found Daoguluv's Gadget Shoppe.
 70854 | Depths:1 | Bought a wand of digging (5) for 342 gold pieces
 71088 | Depths:2 | Reached XP level 26. HP: 169/169 MP: 40/43
 71112 | Depths:2 | Found a one-way gate to the infinite horrors of the Abyss.
 71117 | Depths:2 | Found the +2 robe of Vines {NoPotionHeal Regen+7}
 71839 | Lair:1   | Upgraded the game from 0.26-a0-1033-gd598b01645 to
                  | 0.26-a0-1038-gfb849e850a
 72001 | Crypt:1  | Entered Level 1 of the Crypt
 72008 | Crypt:1  | You fall into a shaft and drop 1 floor!
 72462 | Crypt:1  | Noticed Boris
 72464 | Crypt:1  | Killed Boris
 73706 | Crypt:3  | Entered Level 3 of the Crypt
 74201 | Crypt:3  | Found a basalt altar of Yredelemnul.
 74391 | Crypt:3  | Reached skill level 23 in Stealth
 74492 | Crypt:3  | Found the +9 sword of Zonguldrok {reap}
 74785 | Crypt:3  | Reached XP level 27. HP: 176/176 MP: 44/44
 74803 | Crypt:3  | Got an ancient bronze ring
 74803 | Crypt:3  | Got a steaming wooden ring
 74809 | Crypt:3  | Got a bound lead ring
 74810 | Crypt:3  | Identified the ring of Idealism {rElec rN+} (You found it
                  | on level 3 of the Crypt)
 74811 | Crypt:3  | Identified the ring of Serendipity {+Fly rN+ Int+4} (You
                  | found it on level 3 of the Crypt)
 74812 | Crypt:3  | Identified the ring "Yguohuonk" {rElec rN+ Int+2 SInv} (You
                  | found it on level 3 of the Crypt)
 74921 | Crypt:3  | Found a staircase to the Tomb.
 75040 | Crypt:3  | Reached skill level 10 in Evocations
 76935 | Depths:2 | Identified the +1 chain mail of the Stallion {rPois rF+
                  | Dex+2}
 77772 | Depths:3 | Noticed a juggernaut
 77790 | Depths:3 | Killed a juggernaut
 78313 | Depths:3 | Got a pitted turquoise ring
 78313 | Depths:3 | Got a brightly glowing platinum amulet
 78314 | Depths:3 | Identified the ring "Batuse" {MP+9 Str+7} (You found it on
                  | level 3 of the Depths)
 78315 | Depths:3 | Identified the amulet of Haelaus {Inacc *Drain *Slow rPois
                  | rF+++} (You found it on level 3 of the Depths)
 78628 | Orc:2    | Bought a wand of enslavement (12) for 224 gold pieces
 78628 | Orc:2    | Bought a phantom mirror for 640 gold pieces
 78796 | Shoals:3 | Bought a book of Hexes for 650 gold pieces
 78805 | Shoals:3 | Learned a level 8 spell: Discord
 78810 | Shoals:3 | Learned a level 4 spell: Fulminant Prism
 79239 | Depths:3 | Found Wuanein's Book Shop.
 79244 | Depths:3 | Bought a book of Minor Magic for 280 gold pieces
 79829 | Depths:3 | Reached skill level 24 in Stealth
 79835 | Depths:3 | Identified the ring "Goweiskila" {Wiz Will+}
 79866 | Depths:3 | Acquired 667 gold pieces
 80499 | Depths:3 | Found a one-way gate leading to the halls of Pandemonium.
 80721 | Depths:3 | Noticed an ancient lich
 80794 | Depths:3 | Killed an ancient lich
 80795 | Depths:3 | Reached skill level 10 in Throwing
 81106 | Depths:3 | Identified the Papyrus of the Well-Known Knives
 81111 | Depths:3 | Learned a level 2 spell: Blink
 81238 | Hell     | Entered the Vestibule of Hell
 81238 | Hell     | Noticed Geryon
 81239 | Hell     | Killed Geryon
 81305 | Hell     | Found a gateway to the freezing wastes of Cocytus.
 81438 | Hell     | Found a gateway to the decaying netherworld of Tartarus.
 81562 | Hell     | Found a gateway to the ashen valley of Gehenna.
 81710 | Hell     | Found a gateway to the Iron City of Dis.
 82584 | Coc:1    | Entered Level 1 of Cocytus
 82780 | Coc:1    | Noticed a shard shrike
 82782 | Coc:1    | Killed a shard shrike
 83868 | Depths:4 | Noticed Frederick
 83869 | Depths:4 | Killed Frederick
 83871 | Depths:4 | Upgraded the game from 0.26-a0-1038-gfb849e850a to
                  | 0.26-a0-1049-g242049e08c
 84365 | Depths:4 | You fall into a shaft and drop 1 floor!
 84365 | Depths:5 | Entered Level 5 of the Depths
 84557 | Depths:5 | Reached skill level 25 in Stealth
 84662 | Depths:5 | Found an opulent altar of Gozag.
 85079 | Depths:4 | Found a gateway to a ziggurat.
 85286 | Depths:4 | Noticed a juggernaut
 85287 | Depths:4 | Killed a juggernaut
 85310 | Depths:4 | You fall into a shaft and drop 1 floor!
 85342 | Depths:5 | Noticed Boris
 85355 | Depths:5 | Killed Boris
 85460 | Depths:4 | Paralysed by a floating eye for 4 turns
 85895 | Depths:4 | Found Alu Vetu's Assorted Antiques.
 85899 | Depths:4 | Bought a potion of curing for 105 gold pieces
 85899 | Depths:4 | Bought a potion of curing for 105 gold pieces
 85899 | Depths:4 | Bought a potion of haste for 350 gold pieces
 86756 | Depths:5 | Found a bloodstained altar of Trog.
 86987 | Depths:5 | Found a gate to the Realm of Zot.
 87468 | Slime:1  | Entered Level 1 of the Pits of Slime
 87485 | Slime:1  | You fall into a shaft and drop 1 floor!
 90658 | Slime:5  | Entered Level 5 of the Pits of Slime
 91663 | Slime:5  | Noticed the Royal Jelly
 91722 | Slime:5  | Gained mutation: You occasionally shout uncontrollably at
                  | your foes. [a shining eye]
 91723 | Slime:5  | Gained mutation: You are dopey. (Int -2) [a shining eye]
 91725 | Slime:5  | Gained mutation: You are clumsy. (Dex -2) [a shining eye]
 91909 | Lair:1   | Lost mutation: You occasionally shout uncontrollably at
                  | your foes. [potion of mutation]
 91909 | Lair:1   | Lost mutation: You do not regenerate when monsters are
                  | visible. [potion of mutation]
 91909 | Lair:1   | Lost mutation: You are clumsy. (Dex -2) [potion of
                  | mutation]
 91909 | Lair:1   | Gained mutation: You are strong-willed. (Will+) [potion of
                  | mutation]
 91909 | Lair:1   | Gained mutation: You are agile. (Dex +2) [potion of
                  | mutation]
 92078 | Slime:5  | Found a viscous altar of Jiyva.
 92081 | Slime:5  | Found the +8 lance "Wyrmbane" {slay drac, rPois rF+ rC+
                  | AC+3}
 92084 | Slime:5  | Found the +7 great mace "Firestarter" {inner flame, rF++}
 92129 | Slime:5  | Killed the Royal Jelly
 92133 | Slime:5  | Gained mutation: Your spells are a little easier to cast,
                  | but a little less powerful. [a shining eye]
 92292 | Slime:5  | Got a slimy rune of Zot
 92297 | Slime:5  | Identified the Grimoire of the Fetching Mountains
 92313 | Slime:5  | Got an ominously black robe
 92314 | Slime:5  | Identified the cursed +0 robe of the Kangaroo {Rampage
                  | *Slow rN++ Int+3} (You found it on level 5 of the Pits of
                  | Slime)
 92711 | Depths:1 | Acquired 1107 gold pieces
 92971 | Depths:1 | Upgraded the game from 0.26-a0-1049-g242049e08c to
                  | 0.26-a0-1058-g8dc6ce00ff
 93453 | Depths:2 | Voluntarily entered the Abyss.
 94043 | Abyss:2  | Reached skill level 26 in Stealth
 95430 | Abyss:3  | Found a corrupted altar of Lugonu.
 95493 | Abyss:3  | Found a corrupted altar of Lugonu.
 96348 | Abyss:3  | Got an abyssal rune of Zot
 96582 | Depths:2 | Escaped the Abyss
 97001 | Depths:2 | Lost mutation: You are agile. (Dex +2) [potion of mutation]
 97001 | Depths:2 | Lost mutation: Your spells are a little easier to cast, but
                  | a little less powerful. [potion of mutation]
 97001 | Depths:2 | Lost mutation: You are dopey. (Int -2) [potion of mutation]
 97001 | Depths:2 | Lost mutation: You are strong-willed. (Will+) [potion of
                  | mutation]
 97001 | Depths:2 | Gained mutation: Your mind is acute. (Int +2) [potion of
                  | mutation]
 97001 | Depths:2 | Gained mutation: You evolve. [potion of mutation]
 97001 | Depths:2 | Gained mutation: You have large cloven feet. [potion of
                  | mutation]
 97002 | Depths:2 | Lost mutation: Your mind is acute. (Int +2) [potion of
                  | mutation]
 97002 | Depths:2 | Lost mutation: You evolve. [potion of mutation]
 97002 | Depths:2 | Gained mutation: Your spells are a little easier to cast,
                  | but a little less powerful. [potion of mutation]
 97002 | Depths:2 | Gained mutation: Your muscles are strong. (Str +2) [potion
                  | of mutation]
 97002 | Depths:2 | Gained mutation: Your flesh is heat resistant. (rF+)
                  | [potion of mutation]
 97002 | Depths:2 | Gained mutation: You evolve. [potion of mutation]
 97003 | Depths:2 | Lost mutation: You evolve. [potion of mutation]
 97003 | Depths:2 | Lost mutation: Your muscles are strong. (Str +2) [potion of
                  | mutation]
 97003 | Depths:2 | Gained mutation: Your movements are slightly less
                  | encumbered by armour. (ER -2) [potion of mutation]
 97003 | Depths:2 | Gained mutation: Your skin changes colour to match your
                  | surroundings (Stealth+). [potion of mutation]
 97003 | Depths:2 | Gained mutation: You possess an exceptional clarity of
                  | mind. [potion of mutation]
 97007 | Depths:2 | Voluntarily entered the Abyss.
 97403 | Abyss:2  | Found a radiant altar of Vehumet.
 97443 | Abyss:2  | Lost mutation: Your flesh is heat resistant. (rF+)
                  | [mutagenic glow]
 97601 | Abyss:3  | Got a jewelled ring mail
 97604 | Abyss:3  | Identified the +2 ring mail of Philately {Str+2} (You found
                  | it on level 3 of the Abyss)
 97904 | Abyss:5  | Entered Level 5 of the Abyss
 98634 | Abyss:5  | HP: 5/184 [reaper/+0 scythe of venom (22)]
 98637 | Depths:2 | Escaped the Abyss
 98637 | Depths:2 | HP: 2/184 [poisoned by a reaper]
 99138 | Pan      | Entered Pandemonium
 99174 | Pan      | Found an exit through the horrors of the Abyss.
 99976 | Pan      | Noticed Irenk the pandemonium lord
100007 | Pan      | Killed Irenk the pandemonium lord
100044 | Pan      | Upgraded the game from 0.26-a0-1058-g8dc6ce00ff to
                  | 0.26-a0-1079-g3a4175ecf3
100137 | Pan      | Reached skill level 27 in Stealth
102081 | Pan      | Noticed Koler the pandemonium lord
102103 | Pan      | Gained mutation: You are frail. (-10% HP) [a cacodemon]
102105 | Pan      | Killed Koler the pandemonium lord
105027 | Pan      | Reached skill level 15 in Throwing
105383 | Depths:3 | Escaped Pandemonium
105671 | Depths:2 | Voluntarily entered the Abyss.
105967 | Abyss:1  | Noticed an ancient lich
105974 | Abyss:1  | Killed an ancient lich
106550 | Abyss:1  | Found a corrupted altar of Lugonu.
106704 | Abyss:1  | Found a corrupted altar of Lugonu.
106827 | Abyss:1  | Found a corrupted altar of Lugonu.
107588 | Depths:2 | Escaped the Abyss
107719 | Pan      | Entered Pandemonium
107936 | Pan      | Noticed Mennas
107954 | Pan      | Killed Mennas
108311 | Pan      | Found a transporter.
108329 | Pan      | Found a transporter.
108510 | Pan      | Found a transporter.
108916 | Pan      | Identified the ring of Tystreovu {rC+ Str+3}
109071 | Pan      | Found a transporter.
109074 | Pan      | Found a transporter.
109322 | Pan      | Got a translucent helmet
109323 | Pan      | Identified the +0 helmet "Jilappu" {Regen+ MP+9 Str+4} (You
                  | found it in Pandemonium)
110084 | Pan      | Identified the +8 quarterstaff of Upro {spect, +Fly Int+5}
110086 | Pan      | Identified the +8 quarterstaff of Upro {spect, +Fly Int+5}
110333 | Pan      | Noticed Jucesargh the pandemonium lord
110356 | Pan      | Mangled by Jucesargh the pandemonium lord

Illustrated notes

Levels and vault maps discovered:
D:1:      minmay_arrival_open_corners, layout_basic
D:2:      layout_loops_cross, nicolae_tso_swordbearing_angel,
          general_overflow_altar
D:3:      layout_loops_corners, nicolae_qazlal_eye_of_the_storm,
          nemelex_xobeh_ov_fountains_minmay, serial_bayou_pond_d,
          kennysheep_cluttered_room
D:4:      layout_basic, nicolae_overflow_crystal_walls, serial_bayou_pond_d,
          minmay_misc_feat_hallway, minivault_11, uniq_blork_the_orc
D:5:      layout_basic
D:6:      hangedman_cross_stitches, layout_cave_pods, lemuel_crystal_altar,
          gammafunk_temple_overflow_claw, mrwooster_statue_mirror,
          roderic_lattice_a, uniq_edmund, uniq_grinder
D:7:      layout_loops_ring, kennysheep_mini_moat, temple_doors_e, serial_shops,
          shop, uniq_duvessa, uniq_prince_ribbit1
D:8:      layout_loops_ring, special_room [special_room_orc], uniq_maurice
D:9:      minmay_shrinking_squares, layout_rooms, elyvilon_altar_3,
          chequers_serial_rivers_micro_d
D:10:     layout_stronghold, david_orc_3, minmay_door_square
D:11:     layout_loops_ring, erik_lair_orcish_takeover,
          gammafunk_ghost_stat_death, nicolae_dithmenos_the_darkroom
D:12:     layout_cave_pods, serial_shops, shop
D:13:     layout_loops_ring, serial_shops, shop_statue,
          minmay_statue_crystal_thing
D:14:     layout_basic, david_vaults_1, enter_bailey_4, serial_park_tiny_pond,
          minmay_misc_feat_nine_boxes
D:15:     gammafunk_depths_entry_grave, layout_stronghold,
          hangedman_decor_slide_cut
Temple:   minmay_freezing_vapour_temple
Lair:1:   layout_chaotic_city, minmay_hedge_maze
Lair:2:   layout_cellular_growth, portal_ice_cave_entry_ice_beasts, special_room
          [special_room_bee], serial_bayou_shore_b, grunt_megastairs_3
Lair:3:   layout_cave_shapes
Lair:4:   layout_cellular_growth, elwin_shoals_entry_stream,
          spider_nest_entry_rubble, lemuel_fruit_tree
Lair:5:   layout_regular_city, slime_altar_2, minmay_lair_oklob_chamber
Lair:6:   minmay_lair_end_frog_pond, layout_cellular_growth,
          gammafunk_ghost_arena
Shoals:1: layout_shoals, serial_shops, freezing_bzr
Shoals:2: layout_shoals, lemuel_oklob_altar
Shoals:3: layout_shoals, serial_shops, shop_statue, regret_index_shoals_crete,
          uniq_polyphemus
Shoals:4: shoals_end_grunt_ice, layout_shoals, shoals_ilsuiw_ice
Spider:1: layout_spider_delve, nicolae_crawler_farm
Spider:2: layout_spider_delve, gammafunk_ghost_grave, drop_trap
Spider:3: layout_spider_delve
Spider:4: spider_rune_water, nicolae_spider_cling_ruins
Slime:1:  layout_caves
Slime:2:  layout_caves
Slime:3:  layout_caves
Slime:4:  layout_caves
Slime:5
Orc:1:    layout_diamond_mine, uniq_urug
Orc:2:    st_orc_ogre_mass, layout_caves, serial_shops, shop, uniq_josephine
Elf:1:    layout_geoelf_octagon, serial_shops,
          nicolae_shop_competitors_out_of_business, shop_fountains, shop, shop,
          nicolae_shop_stone, gammafunk_ghost_arena, minmay_elf_demonology
Elf:2:    layout_loops_ring, serial_shops, nicolae_shop_behind_doors
Elf:3:    elf_hall, layout_loops_cross, minivault_25_ag, drop_trap, nrook_uturn,
          uniq_saint_roka, uniq_donald
Vaults:1: hangedman_vaults_corner, v_misc_9, vaults_standard_mumra_lines,
          nicolae_vaults_inception_statues, hangedman_vaults_cutoff,
          nicolae_vaults_specimen_jars, vaults_room_pool, vaults_room_pool,
          ontoclasm_vaults_gateway, layout_vaults_chaotic_city
Vaults:2: hangedman_vaults_river_flow, vaults_dpeg_encased_lava, v_misc_26,
          vaults_room_hallway, vaults_mumra_minichess_inversion,
          nicolae_vaults_network_barrier, vaults_room_door_ring,
          nicolae_vaults_puzzle_piece, grunt_vaults_swirl,
          ontoclasm_vaults_twist, vaults_not_door_vault_due,
          hangedman_vaults_corner_blocks, layout_vaults_maze_bifur
Vaults:3: v_misc_29, v_pattern_3, nicolae_vaults_quartermaster,
          dpeg_vaults_monster_box, vaults_mumra_minichess,
          nicolae_vaults_network_square, v_misc_27,
          minmay_crypt_entry_simple_box, nicolae_vaults_little_ls,
          grunt_vaults_hallway_long, hangedman_vaults_impose, layout_vaults_ring
Vaults:4: vaults_room_fancy_cross, hangedman_vaults_capsules,
          nicolae_vaults_network_quinsquares
          [nicolae_vaults_network_quincunx_subvault,
          nicolae_vaults_network_quincunx_subvault,
          nicolae_vaults_network_quincunx_subvault,
          nicolae_vaults_network_quincunx_subvault],
          nicolae_vaults_ninety_degrees, nicolae_vaults_shelves_hall,
          nicolae_vaults_gold_heap, v_misc_28, ontoclasm_vaults_shuriken,
          layout_vaults_omnicross, uniq_aizul
Vaults:5
Crypt:1:  layout_gridlike, grunt_megastairs_1, grunt_crypt_arrival_guarded_gate,
          uniq_boris
Crypt:2:  layout_misc_corridors, corexii_leaking_fountain
Crypt:3:  grunt_crypt_end_deaths_head
Depths:1: layout_cave_pools, grunt_mini_vestibule, fountainhead,
          kennysheep_small_square, serial_bayou_shore_b, minmay_shop_star,
          uniq_nikola
Depths:2: cheibrodos_poisonous_passages, layout_cave_shapes, hell_entry,
          abyss_entry, nrook_campfire, grunt_tough_drop,
          infiniplex_staircase_door_maze
Depths:3: hangedman_six_sided_sadism, layout_basic, grunt_pan_entry_sceptre,
          pf_coc_iceberg, serial_shops, shop, special_room
          [special_room_morgue], minmay_staircase_bubble,
          minmay_the_grid_square_5x5_3x3_mashed
          [minmay_the_grid_square_5x5_six_small,
          minmay_the_grid_square_5x5_tri_point,
          minmay_the_grid_square_5x5_minibox,
          minmay_the_grid_square_5x5_n_small,
          minmay_the_grid_square_5x5_megaprize_checkered,
          minmay_the_grid_square_5x5_bite,
          minmay_the_grid_square_5x5_intrusive_squares,
          minmay_the_grid_square_5x5_bridge, minmay_the_grid_square_5x5_eight]
Depths:4: minmay_fractal_lines_corner, layout_gridville, enter_ziggurat_d,
          grunt_hell_entry_dis_grunt, abyss_entry, serial_shops, shop,
          kennysheep_nub, feat_on_display, uniq_frederick
Depths:5: evilmike_zot_entry_hall, layout_basic, abyss_entry,
          old_standard_altar, pf_hell_entry_great_geh, pan_entry,
          evilmike_spriggan_trog_shrine
Hell
Coc:1:    layout_cocytus_water_paths
Pan:      evilmike_mini_pan_thingy, layout_small_grid, evilmike_mini_pan_T,
          layout_chambers, pan_surprise, gammafunk_the_bubble
          [the_bubble_gammafunk_roulette], layout_cellular_growth,
          uniq_mennas_pan, evilmike_mini_pan_other_thingy, layout_rooms,
          pan_blood_fountain

Skill      XL: |  1  2  3  4  5  6  7  8  9 10 11 12 13 14 15 16 17 18 19 20 21 22 23 24 25 26 27 |
---------------+----------------------------------------------------------------------------------+-----
Fighting       | 1 2 3 4 5 6 7 8 9 10 11 12 13 14 15 16 17 18 19 23 | 23.5
Short Blades   | 2 3 4 5 7 8 9 10 11 12 13 14 15 16 17 18 19 20 21 | 21.1
Dodging        | 3 4 5 6 7 8 9 11 12 13 14 15 16 17 18 19 20 25 | 25.0
Stealth        | 5 6 7 8 9 10 11 13 14 15 16 17 18 19 20 21 22 23 27 | 27.0
Spellcasting   | 3 4 5 6 7 8 9 10 11 12 13 14 15 16 17 21 | 21.8
Throwing       | 2 4 5 6 8 16 | 16.4
Hexes          | 5 6 7 8 9 10 11 12 13 14 15 16 17 21 | 21.9
Conjurations   | 2 |  2.0
Summonings     | 2 |  2.0
Evocations     | 2 4 5 6 7 8 9 10 | 10.0
Armour         | 2 3 4 |  4.0
Air Magic      | 1 2 4 |  4.0
Shields        | 1 4 |  4.0

Action                   |  1- 3 |  4- 6 |  7- 9 | 10-12 | 13-15 | 16-18 | 19-21 | 22-24 | 25-27 || total
-------------------------+-------+-------+-------+-------+-------+-------+-------+-------+-------++-------
Melee: Dagger            |    65 |   144 |    62 |   600 |     2 |   301 |       |       |       ||  1174
       Short sword       |       |    42 |   218 |   188 |   475 |       |       |    71 |       ||   994
       Quick blade       |       |       |       |       |   700 |   795 |  1141 |  1869 |  7349 || 11854
       Rapier            |       |       |       |       |       |    42 |       |       |    39 ||    81
Throw: Stone             |     2 |     3 |     2 |       |       |       |       |       |       ||     7
       Boomerang         |       |       |       |    10 |    11 |     2 |     8 |     3 |    38 ||    72
       Throwing net      |       |       |       |       |       |       |       |    11 |     1 ||    12
       Dart              |       |       |       |       |       |       |       |       |    52 ||    52
 Cast: Corona            |     5 |    11 |     2 |     4 |       |     3 |       |       |       ||    25
       Confusing Touch   |       |     6 |    29 |    72 |   113 |   113 |    76 |    99 |   525 ||  1033
       Tukima's Dance    |       |     4 |    19 |    16 |     1 |     2 |       |       |       ||    42
       Slow              |       |       |       |     2 |       |       |       |       |       ||     2
       Dazzling Flash    |       |       |       |    14 |    31 |    28 |    13 |    20 |   132 ||   238
       Call Imp          |       |       |       |       |     9 |       |       |       |       ||     9
       Cause Fear        |       |       |       |       |     1 |     2 |     2 |     3 |     1 ||     9
       Invisibility      |       |       |       |       |       |     7 |    38 |    23 |    34 ||   102
       Apportation       |       |       |       |       |       |       |     6 |       |     1 ||     7
       Summon Mana Viper |       |       |       |       |       |       |       |    52 |   138 ||   190
       Mephitic Cloud    |       |       |       |       |       |       |       |     4 |       ||     4
       Discord           |       |       |       |       |       |       |       |       |    24 ||    24
       Summon Guardian G |       |       |       |       |       |       |       |       |     9 ||     9
       Metabolic Englaci |       |       |       |       |       |       |       |       |     3 ||     3
       Swiftness         |       |       |       |       |       |       |       |       |     1 ||     1
Invok: Lunge             |       |       |     8 |    85 |   104 |    98 |   163 |   120 |   616 ||  1194
       Whirlwind         |       |       |     1 |   211 |   337 |   309 |   263 |   444 |  1649 ||  3214
       Serpent's Lash    |       |       |       |     2 |    16 |    18 |    22 |    12 |    85 ||   155
       Heavenly Storm    |       |       |       |       |       |     1 |       |     1 |     4 ||     6
 Abil: Wall Jump         |       |       |       |    37 |    56 |    45 |    31 |    53 |   291 ||   513
Evoke: Wand              |       |     2 |     3 |       |       |       |     3 |    10 |    12 ||    30
       Condenser vane    |       |       |       |       |       |       |       |     3 |       ||     3
       Phial of floods   |       |       |       |       |       |       |       |     1 |     2 ||     3
       Box of beasts     |       |       |       |       |       |       |       |       |     4 ||     4
       Phantom mirror    |       |       |       |       |       |       |       |       |     1 ||     1
  Use: Scroll            |     7 |     9 |     6 |     3 |    10 |    26 |    11 |     5 |    33 ||   110
       Potion            |       |       |     3 |       |     8 |     7 |     3 |     6 |    27 ||    54
 Stab: Sleeping          |    20 |    14 |    18 |    65 |    94 |   101 |   166 |    72 |   345 ||   895
       Confused          |       |     6 |    20 |    83 |   107 |   126 |    84 |   105 |   570 ||  1101
       Distracted        |       |     1 |     3 |     7 |    12 |     7 |     4 |    33 |   212 ||   279
       Invisible         |       |       |       |    19 |    56 |    55 |   148 |   118 |   276 ||   672
       Held in net/web   |       |       |       |       |       |       |       |     7 |     2 ||     9
Armor: Robe              |     8 |    18 |       |       |       |       |       |       |       ||    26
       Leather armour    |       |     3 |    29 |    43 |    37 |   179 |    19 |       |       ||   310
       Troll leather arm |       |       |       |       |     9 |       |       |       |       ||     9
       Skin              |       |       |       |       |    24 |       |       |       |       ||    24
       Acid dragon scale |       |       |       |       |       |       |    55 |   107 |   321 ||   483
Dodge: Dodged            |    28 |   107 |   183 |   297 |   505 |   754 |   416 |   693 |  2468 ||  5451
Block: Buckler           |       |       |       |       |       |       |    15 |   244 |   834 ||  1093
       Reflection        |       |       |       |       |       |       |       |     4 |    34 ||    38

Table legend: (Time is in decaauts)
 A = Elapsed time spent in this place.
 B = Non-inter-level travel time spent in this place.
 C = Inter-level travel time spent in this place.
 D = Time resting spent in this place.
 E = Time spent auto-exploring this place.
 F = Levels seen in this place.
 G = Mean time per level.
                   A        B        C        D        E       F      G
               +--------+--------+--------+--------+--------+-----+--------+
         Total | 108206 |  94655 |  13551 |  24674 |  48789 |  73 | 1482.3 |
       Dungeon |  23991 |  19667 |   4324 |   3257 |  12946 |  15 | 1599.4 |
        Temple |      1 |      1 |      0 |      0 |      0 |   1 |    1.0 |
          Lair |  12277 |   9951 |   2326 |   2635 |   5674 |   6 | 2046.2 |
        Shoals |   6474 |   5732 |    742 |   1189 |   3384 |   4 | 1618.5 |
   Spider Nest |   4876 |   4420 |    456 |   1408 |   1951 |   4 | 1219.0 |
    Slime Pits |   4425 |   4030 |    395 |   1342 |   1973 |   5 |  885.0 |
  Orcish Mines |   2043 |   1613 |    430 |    499 |    712 |   2 | 1021.5 |
   Elven Halls |   6739 |   5465 |   1274 |   1777 |   2524 |   3 | 2246.3 |
        Vaults |  12410 |  11020 |   1390 |   3224 |   5777 |   5 | 2482.0 |
         Crypt |   3746 |   3400 |    346 |   1113 |   1404 |   3 | 1248.7 |
        Depths |  10755 |   9017 |   1738 |   2942 |   3950 |   5 | 2151.0 |
          Hell |   1031 |    984 |     47 |    334 |    385 |   1 | 1031.0 |
       Cocytus |    857 |    778 |     79 |    128 |    447 |   1 |  857.0 |
         Abyss |   7515 |   7515 |      0 |    992 |   3448 |  11 |  683.2 |
   Pandemonium |   8458 |   8458 |      0 |   2262 |   3921 |   4 | 2114.5 |
        Bazaar |    127 |    127 |      0 |      8 |     63 |   1 |  127.0 |
        Bailey |    277 |    277 |      0 |     71 |     39 |   1 |  277.0 |
      Ice Cave |   2196 |   2196 |      0 |   1489 |    184 |   1 | 2196.0 |
               +--------+--------+--------+--------+--------+-----+--------+

Top non-repeatable levels by time:
Vaults:4: 4958 daAuts
   Elf:3: 3544 daAuts
Depths:3: 3523 daAuts
  Lair:4: 3041 daAuts
     D:6: 2793 daAuts
Shoals:4: 2656 daAuts
Depths:2: 2650 daAuts
 Abyss:3: 2481 daAuts
  Lair:6: 2371 daAuts
    D:10: 2197 daAuts
   IceCv: 2196 daAuts
 Abyss:2: 2170 daAuts
Vaults:1: 2129 daAuts
    D:11: 2109 daAuts
 Abyss:1: 2067 daAuts
